 Dungeon Crawl Stone Soup version 0.29-a0-872-g797fff5ad1 (webtiles) character file.

Game seed: 9228218681532995392

1287 porpoise the Trooper (level 8, -1/64 HPs)
             Began as a Djinni Hedge Wizard on July 19, 2022.
             Killed from afar by a white imp (10 damage)
             ... with a puff of frost
             ... on level 6 of the Dungeon.
             The game lasted 00:27:15 (6784 turns).

porpoise the Trooper (Djinni Hedge Wizard)          Turns: 6784, Time: 00:27:16

Health: -1/64      AC:  5    Str:  8    XL:     8   Next: 85%
Gold:   256        EV: 12    Int: 21    God:
                   SH:  0    Dex: 13

rFire   + + .      SeeInvis .   a - +2 dagger (drain)
rCold   x . .      Faith    .   (no shield)
rNeg    . . .      Spirit   .   y - +0 robe
rPois   ∞          Reflect  .   c - +0 hat
rElec   .          Harm     .   v - +0 cloak
rCorr   .          Rampage  .   f - +1 pair of gloves
Will    .....                   (boots unavailable)
Stlth   ++........              (no amulet)
HPRegen 0.20/turn               (no ring)
MPRegen 0.00/turn               (no ring)

@: flying
A: sickness immunity, fire resistance 2, cold vulnerability 1, float, innate
caster, HP casting, extra vitality 1, clever 1, MP-powered wands
a: no special abilities


You were on level 6 of the Dungeon.
You visited 1 branch of the dungeon, and saw 6 of its levels.

You collected 297 gold pieces.
You spent 41 gold pieces at shops.

Inventory:

Hand Weapons
 a - a +2 dagger of draining (weapon)
 b - a +0 sling
 h - a +3 dagger of venom
 q - a +1 vorpal spear
Missiles
 g - 3 javelins
 l - 5 boomerangs
 z - 10 poisoned darts
Armour
 c - a +0 hat (worn)
 f - a +1 pair of gloves (worn)
 u - +0 steam dragon scales
 v - a +0 cloak (worn)
 y - a +0 robe (worn)
Jewellery
 t - an amulet of faith
Wands
 A - a wand of polymorph (4)
Scrolls
 j - 2 scrolls of teleportation
 m - a scroll of noise {unknown}
 o - a scroll of vulnerability
 p - a scroll of magic mapping
 s - a scroll of immolation {unknown}
 w - a scroll of fear
Potions
 d - 3 potions of berserk rage
 e - 3 potions of might
 i - 2 potions of brilliance
 k - 3 potions of attraction
 n - 4 potions of curing
 r - a potion of lignification
 x - a potion of haste


   Skills:
 + Level 7.0 Fighting
 - Level 2.1 Dodging
 - Level 1.5 Stealth
 + Level 6.0 Spellcasting


You had 2 spell levels left.
You knew the following spells:

 Your Spells              Type           Power      Damage    Failure   Level
a - Magic Dart            Conj           100%       1d8       1%          1
b - Blink                 Tloc           62%        N/A       1%          2
c - Call Imp              Summ           31%        N/A       1%          2
d - Slow                  Hex            100%       N/A       1%          1
e - Conjure Flame         Conj/Fire      31%        6-21      2%          3
f - Mephitic Cloud        Conj/Pois/Air  31%        N/A       2%          3
g - Searing Ray           Conj           62%        2d6       1%          2
n - Necrotise             Necr           100%       1d9       1%          1
p - Passwall              Tmut/Erth      25%        N/A       1%          2
Your spell library was empty.

Dungeon Overview and Level Annotations

Branches:
Dungeon (6/15)
 Temple: D:4-7

Altars:
Dithmenos

Shops:
D:1 *   D:2 !   D:6 [(


Innate Abilities, Weirdness & Mutations

You are immune to sickness and miasma.
You are immune to poison.
Your flesh is very heat resistant. (rF++)
You are vulnerable to cold. (rC-)
You float through the air rather than walking.
You learn spells naturally, not from books.
Your magical power is your life essence.
You have superior vitality. (+4 MHP)
Your mind is acute. (Int +4, Str/Dex -1)
You expend health (3 HP) to strengthen your wands.


Message History

You hit the gnoll bouda. You drain the gnoll bouda.
The gnoll bouda is heavily wounded.
The gnoll bouda is engulfed in noxious fumes.
The gnoll bouda appears confused.
The gnoll bouda hits you with a +0 whip!
You strike the helpless gnoll bouda from behind!
You puncture the gnoll bouda!
The gnoll bouda is almost dead.
The gnoll bouda is engulfed in noxious fumes.
The gnoll bouda appears confused.
The gnoll bouda barely misses you. The white imp gestures at you.
The puff of frost hits you!
You feel a terrible chill!
* * * LOW HITPOINT WARNING * * *
You hit the gnoll bouda but do no damage.
You drain the gnoll bouda.
You kill the gnoll bouda!
The white imp gestures at you. The puff of frost hits you.
* * * LOW HITPOINT WARNING * * *
Your Fighting skill increases to level 7!
Your Spellcasting skill increases to level 6!
Casting: Mephitic Cloud (dangerous; 2% risk of failure)
Confirm with . or Enter, or press ? or * to list all spells.
Aiming: Mephitic Cloud (dangerous; 2% risk of failure)
Press: ? - help, Shift-Dir - straight line, f - gnoll
Aim: a gnoll, wielding a +0 flail (covering ground quickly, chance to affect: 91%)
The ball explodes into a vile cloud!
The stinking cloud engulfs the gnoll but does no damage. x2
The stinking cloud engulfs the white imp but does no damage.
* * * LOW HITPOINT WARNING * * *
You hear a shout!
The gnoll is engulfed in noxious fumes.
The gnoll appears confused.
The gnoll barely misses the gnoll.
The gnoll barely misses itself.
The gnoll is engulfed in noxious fumes.
The gnoll appears confused.
The gnoll barely misses the gnoll.
The gnoll hits itself with a +0 halberd!
The gnoll is killed!
The white imp gestures at you. The puff of frost hits you!
You feel a terrible chill!
You die...

..[ ###### #........#..
....#....# #...#....#'#
....#....#####...#.###...
...'☼..†.(..'...'...+...
...#○g☼.#####...#..##...
#.5§°# #...##.##...
#..°.# #...##.# #+#
#.)..# #...##.# #...@#
######.## #.)..# #..#
.......$# ##.####
#........###### #..#..
#.............#### ##.#.#
#................# #....
##.#####.........#####.##
#.#...#.........+......#
#.#.>.#.........######.#


You could see a gnoll (swift, confused) and a white imp.

Vanquished Creatures
  A steam dragon (D:5)
  Edmund (D:6)
  An ice beast (D:6)
  A sky beast (D:6)
  2 ogres (D:5)
  A kobold brigand (D:6)
  A necrophage (D:5)
  A gnoll sergeant (D:6)
  2 hounds
  A jelly (D:5)
  2 gnoll boudas
  An iguana (D:6)
  An orc wizard (D:5)
  9 gnolls
  4 adders
  A shadow imp (D:4)
  An ufetubus (D:6)
  A worm (D:4)
  2 dart slugs
  13 orcs
  5 ball pythons
  3 endoplasms
  12 giant cockroaches
  9 goblins
  6 hobgoblins
  17 kobolds
  2 quokkas (D:1)
  A bat (D:1)
  4 frilled lizards
  2 rats
108 creatures vanquished.

Vanquished Creatures (collateral kills)
  A scorpion (D:5)
  A necrophage (D:3)
  An orc (D:4)
  A kobold (D:2)
  A quokka (D:2)
5 creatures vanquished.

Vanquished Creatures (others)
  5 plants (D:6)
5 creatures vanquished.

Grand Total: 118 creatures vanquished

Notes
Turn   | Place    | Note
-------+----------+-------------------------------------------
     0 | D:1      | porpoise the Djinni Hedge Wizard began the quest for the
                  | Orb.
     0 | D:1      | porpoise set off with the following spells memorised: Magic
                  | Dart, Blink, Call Imp, Slow, Conjure Flame, Mephitic Cloud.
     0 | D:1      | Reached XP level 1. HP: 15/15 MP: 0/0
   348 | D:1      | Reached skill level 1 in Fighting
   348 | D:1      | Reached XP level 2. HP: 19/22 MP: 0/0
   543 | D:1      | Found Zivvexzu's Assorted Antiques.
   555 | D:1      | Bought a sedimented puce potion for 19 gold pieces
   555 | D:1      | Bought a scroll labelled QAODWI KEOFFAZ for 22 gold pieces
   972 | D:1      | Reached XP level 3. HP: 24/27 MP: 0/0
   972 | D:1      | Learned a level 1 spell: Necrotise
  1725 | D:2      | Reached skill level 2 in Fighting
  2258 | D:2      | Reached XP level 4. HP: 31/33 MP: 0/0
  2521 | D:2      | Found Qiffunn's Distillery.
  2619 | D:3      | You are sucked into a shaft and drop 3 floors!
  2820 | D:6      | Found Sohunt's Weapon Shop.
  2833 | D:5      | Entered Level 5 of the Dungeon
  2903 | D:5      | Noticed a scorpion
  2912 | D:5      | Killed a scorpion
  2913 | D:5      | Reached skill level 3 in Fighting
  2913 | D:5      | Reached XP level 5. HP: 35/40 MP: 0/0
  2913 | D:5      | Learned a level 2 spell: Passwall
  3428 | D:3      | Reached XP level 6. HP: 39/47 MP: 0/0
  4002 | D:4      | HP: 2/47 [gnoll/+0 spear[a gnoll bouda] (5)]
  4003 | D:4      | Gained mutation: You occasionally lose the ability to drink
                  | potions when taking damage. [potion of mutation]
  4011 | D:4      | Reached skill level 4 in Fighting
  4177 | D:4      | Lost mutation: You occasionally lose the ability to drink
                  | potions when taking damage. [potion of mutation]
  4177 | D:4      | Gained mutation: You expend health (3 HP) to strengthen
                  | your wands. [potion of mutation]
  4177 | D:4      | Gained mutation: Your mind is acute. (Int +4, Str/Dex -1)
                  | [potion of mutation]
  4189 | D:4      | Found a shadowy altar of Dithmenos.
  4995 | D:5      | Noticed an ogre
  5010 | D:5      | Killed an ogre
  5011 | D:5      | Reached XP level 7. HP: 11/53 MP: 0/0
  5011 | D:5      | Learned a level 2 spell: Searing Ray
  5338 | D:5      | Noticed a steam dragon
  5364 | D:5      | Killed a steam dragon
  5365 | D:5      | Reached skill level 5 in Fighting
  5489 | D:5      | Reached skill level 5 in Spellcasting
  5489 | D:5      | Reached XP level 8. HP: 10/60 MP: 0/0
  6115 | D:6      | Noticed Edmund
  6127 | D:6      | Reached skill level 6 in Fighting
  6339 | D:6      | Killed Edmund
  6398 | D:6      | Found Wuwothre's Armour Boutique.
  6783 | D:6      | Reached skill level 7 in Fighting
  6784 | D:6      | Killed from afar by a white imp

Illustrated notes

Levels and vault maps discovered:
D:1:      grunt_arrival_lava_bath, layout_basic, serial_shops, shop
D:2:      minmay_roachtagon, layout_basic, serial_shops,
          nicolae_shop_competitors_out_of_business
D:3:      layout_rooms, serial_aquarium, aquarium_bridge_square
          [aquarium_subvault_bridge, aquarium_subvault_bridge,
          aquarium_subvault_wall, aquarium_subvault_wall], aquarium_window_2,
          aquarium_window_corner, aquarium_window_corner, aquarium_view_2f,
          aquarium_balcony_3a, aquarium_pool_side
D:4:      layout_cave_pods, nicolae_overflow_crystal_walls, serial_glass,
          glass_columns_c, glass_columns_b, minivault_11,
          minmay_goblin_kobold_house
D:5:      layout_gridville, grunt_ministairs_8, sigmund_army
D:6:      layout_basic, serial_shops, nicolae_shop_trees,
          nicolae_shop_overgrown_old_shop, nicolae_shop_statue_plus,
          nicolae_take_the_stairs, hangedman_decor_growths,
          chequers_serial_rivers_small_3, uniq_edmund

Skill      XL: |  1  2  3  4  5  6  7  8 |
---------------+-------------------------+-----
Fighting       | 1 2 3 4 5 7 |  7.0
Spellcasting   | 3 4 5 6 |  6.0
Dodging        | |  2.1
Stealth        | |  1.5

Action                   |  1- 3 |  4- 6 |  7- 9 || total
-------------------------+-------+-------+-------++-------
Melee: Dagger            |    31 |    45 |   130 ||   206
       Punch             |       |       |     3 ||     3
 Fire: Sling             |       |    41 |       ||    41
 Cast: Magic Dart        |    69 |    22 |     1 ||    92
       Necrotise         |    12 |    16 |       ||    28
       Blink             |     1 |     4 |       ||     5
       Call Imp          |     1 |     4 |     1 ||     6
       Mephitic Cloud    |       |     9 |    18 ||    27
       Conjure Flame     |       |     1 |       ||     1
  Use: Scroll            |     7 |    10 |       ||    17
       Potion            |       |     3 |       ||     3
 Stab: Confused          |       |     3 |    13 ||    16
Armor: Robe              |    18 |    17 |    21 ||    56
Dodge: Dodged            |    29 |    36 |    83 ||   148

Table legend: (Time is in decaauts)
 A = Elapsed time spent in this place.
 B = Non-inter-level travel time spent in this place.
 C = Inter-level travel time spent in this place.
 D = Time resting spent in this place.
 E = Time spent auto-exploring this place.
 F = Levels seen in this place.
 G = Mean time per level.
                   A        B        C        D        E       F      G
               +--------+--------+--------+--------+--------+-----+--------+
         Total |   6795 |   6675 |    120 |   3015 |   2574 |   6 | 1132.5 |
       Dungeon |   6795 |   6675 |    120 |   3015 |   2574 |   6 | 1132.5 |
               +--------+--------+--------+--------+--------+-----+--------+

Top non-repeatable levels by time:
     D:1: 1550 daAuts
     D:5: 1434 daAuts
     D:4: 1344 daAuts
     D:2: 1013 daAuts
     D:3: 732 daAuts
     D:6: 721 daAuts
